 Dungeon Crawl Stone Soup version 0.21.1-1-g345015f (webtiles) character file.

480 kae the Insei (level 7, -3/45 HPs)
             Began as an Octopode Transmuter on May 27, 2018.
             Slain by Grinder (5 damage)
             ... while paralysed by Grinder
             ... on level 3 of the Dungeon.
             The game lasted 00:03:12 (3619 turns).

kae the Insei (Octopode Transmuter)                 Turns: 3619, Time: 00:03:13

Health: -3/45      AC:  1    Str:  9 (10) XL:     7   Next: 12%
Magic:  11/11      EV:  2    Int: 14 (15) God:
Gold:   131        SH:  0    Dex: 11 (14) Spells: 6/12 levels left

rFire    . . .     SeeInvis .     - Unarmed
rCold    . . .     Gourm    .   (no shield)
rNeg     + . .     Faith    .   (helmet restricted)
rPois    .         Spirit   .   (no amulet)
rElec    .         Reflect  .   j - ring of positive energy
rCorr    .         Harm     .   (no ring)
MR       .....                  (no ring)
Stlth    ++........             (no ring)
HPRegen  0.15/turn              (no ring)
MPRegen  0.12/turn              (no ring)
                                (no ring)
                                (no ring)

@: paralysed, flying
A: almost no armour, stealthy swim, amphibious, 8 rings, constrict 8, camouflage
1, gelatinous body 1
a: no special abilities


You were on level 3 of the Dungeon.
You were not hungry.

You visited 1 branch of the dungeon, and saw 3 of its levels.

You collected 131 gold pieces.

Inventory:

Missiles
 a - 12 arrows
Jewellery
 j - a ring of positive energy (left tentacle)
Scrolls
 e - 2 scrolls of remove curse
 g - a scroll of enchant armour
 k - 2 scrolls of teleportation {unknown}
Potions
 d - 4 potions of curing
Books
 b - a book of Changes

   Spells                             Type                      Level
   a - Beastly Appendage              Transmutation                1
   b - Sticks to Snakes               Transmutation                2
   c - Spider Form                    Transmutation/Poison         3
   d - Ice Form                       Ice/Transmutation            4
   e - Blade Hands                    Transmutation                5
Comestibles
 c - 6 rations


   Skills:
 + Level 2.6 Fighting
 + Level 3.2 Dodging
 * Level 4.8 Unarmed Combat
 + Level 3.1 Spellcasting
 * Level 4.3 Transmutations


You had 6 spell levels left.
You knew the following spells:

 Your Spells              Type           Power        Failure   Level  Hunger
a - Beastly Appendage     Tmut           ##....       3%          1    #......
b - Sticks to Snakes      Tmut           ##......     5%          2    ##.....
c - Spider Form           Tmut/Pois      #.........   26%         3    ###....


Dungeon Overview and Level Annotations

Branches:
Dungeon (3/15)

Altars:
Makhleb

Annotations:
D:3 Grinder


Innate Abilities, Weirdness & Mutations

You cannot wear most types of armour.
You are very stealthy in the water. (Stealth+)
You are amphibious.
You can wear up to eight rings at the same time.
You can use your tentacles to constrict eight enemies at once.
Your skin changes colour to match your surroundings (Stealth+).
Your rubbery body absorbs attacks. (AC +1, EV +1)


Message History

You can move again.
Unknown command.
Unknown command.
Unknown command.
Unknown command.
It was a potion of flight.
You feel very buoyant.
You fly up into the air.
The goblin hits you. The worm closely misses you.
It was a potion of degeneration.
There was something very wrong with that liquid.
You feel weakened.
You feel dopey.
You feel clumsy. Grinder gestures at you.
You suddenly lose the ability to move!
The goblin hits you. The worm bites you! The goblin hits you. x2
The worm bites you!
* * * LOW HITPOINT WARNING * * *
The goblin hits you.
* * * LOW HITPOINT WARNING * * *
Grinder hits you.
You die...

......#..... ..........(
...........#
...........####.
................. .(
................. ..
.......w.g....... ..
........@5....... .
.....................####
>........................
.........................
......(..................
..............###.....###
................#.....#
................#.....#
................#.....###


You could see Grinder, a worm and a goblin.

Vanquished Creatures
  Sigmund (D:2)
  An ogre (D:3)
  Jessica (D:2)
  3 gnolls (D:3)
  11 adders
  2 oozes
  2 worms (D:2)
  7 leopard geckos
  An orc (D:3)
  A ball python (D:3)
  2 giant cockroaches (D:2)
  6 goblins
  5 hobgoblins
  4 jackals
  9 kobolds
  3 quokkas
  3 bats
  5 frilled lizards
  8 rats
75 creatures vanquished.

Notes
Turn   | Place    | Note
-------+----------+-------------------------------------------
     0 | D:1      | kae the Octopode Transmuter began the quest for the Orb.
     0 | D:1      | Reached XP level 1. HP: 13/13 MP: 3/3
   255 | D:1      | Reached XP level 2. HP: 14/18 MP: 5/5
   894 | D:1      | Reached XP level 3. HP: 18/23 MP: 4/6
  1293 | D:2      | Noticed Sigmund
  1302 | D:2      | HP: 1/23 [leopard gecko (4)]
  1306 | D:2      | Killed Sigmund
  1306 | D:2      | Reached XP level 4. HP: 2/29 MP: 5/7
  1306 | D:2      | Reached XP level 5. HP: 3/34 MP: 5/8
  1767 | D:2      | Reached XP level 6. HP: 39/39 MP: 8/10
  1835 | D:2      | Noticed Jessica
  1849 | D:2      | Killed Jessica
  2925 | D:3      | Found a burning altar of Makhleb.
  2995 | D:3      | Noticed Grinder
  3246 | D:3      | Learned a level 2 spell: Sticks to Snakes
  3255 | D:3      | Learned a level 3 spell: Spider Form
  3322 | D:3      | Reached XP level 7. HP: 41/45 MP: 7/11
  3611 | D:3      | Paralysed by Grinder for 3 turns
  3615 | D:3      | Paralysed by Grinder for 6 turns
  3618 | D:3      | HP: 1/45 [goblin (2)]
  3619 | D:3      | Slain by Grinder

Skill      XL: |  1  2  3  4  5  6 |
---------------+-------------------+-----
Fighting       | 2 |  2.6
Unarmed Combat | 4 |  4.8
Transmutations | 3 4 |  4.3
Dodging        | 3 |  3.2
Spellcasting   | 3 |  3.1

Action                   |  1- 3 |  4- 6 |  7- 9 || total
-------------------------+-------+-------+-------++-------
Melee: Unarmed           |    60 |    91 |    24 ||   175
       Constrict         |    12 |    25 |     4 ||    41
       Tentacles         |     9 |    14 |     3 ||    26
       Punch             |     3 |     2 |       ||     5
       Kick              |     8 |    11 |       ||    19
 Cast: Beastly Appendage |    10 |    11 |     1 ||    22
       Spider Form       |       |     1 |     1 ||     2
  Use: Scroll            |     3 |     2 |       ||     5
       Potion            |     1 |     2 |     3 ||     6
 Stab: Sleeping          |     2 |     7 |       ||     9
  Eat: Chunk             |     1 |     6 |     2 ||     9
Armor: Skin              |     5 |     5 |     1 ||    11
Dodge: Dodged            |    38 |    67 |    22 ||   127
